 Dungeon Crawl Stone Soup version 0.28-b1-25-g9875b3fc8c (webtiles) character file.

Game seed: 4189391706774973450

472 crazypyro the Changer (level 6, -5/46 HPs)
             Began as a Demonspawn Wanderer on Feb 1, 2022.
             Succumbed to a water moccasin's poison
             ... on level 5 of the Dungeon.
             The game lasted 00:05:00 (3775 turns).

crazypyro the Changer (Demonspawn Wanderer)         Turns: 3775, Time: 00:05:01

Health: -5/46      AC:  4    Str: 11    XL:     6   Next: 83%
Magic:  1/9        EV: 11    Int: 13    God:
Gold:   237        SH:  0    Dex: 16    Spells: 9/10 levels left

rFire   . . .      SeeInvis .   b - +0 executioner's axe
rCold   . . .      Faith    .   (shield currently unavailable)
rNeg    . . .      Spirit   +   d - +0 robe
rPois   .          Reflect  .   c - +0 helmet
rElec   .          Harm     .   (no cloak)
rCorr   .          Rampage  .   (no gloves)
Will    .....                   q - +0 pair of boots
Stlth   ++........              (no amulet)
HPRegen 0.15/turn               (no ring)
MPRegen 0.22/turn               (no ring)

@: lethally poisoned (-5 -> -32), invisible
A: hooves 1, magic shield, magic regeneration
a: no special abilities


You were on level 5 of the Dungeon.
You visited 1 branch of the dungeon, and saw 4 of its levels.

You collected 237 gold pieces.

Inventory:

Hand Weapons
 a - a +2 hand crossbow
 b - a +0 executioner's axe (weapon)
 g - a +0 mace
Missiles
 l - 3 throwing nets (quivered)
 o - 60 bolts
Armour
 c - a +0 helmet (worn)
 d - a +0 robe (worn)
 i - a +0 leather armour
 q - a +0 pair of boots (worn)
Scrolls
 h - 2 scrolls of noise {unknown}
 j - a scroll of fear {unknown}
 k - a scroll of fog {unknown}
 p - a scroll of identify {unknown}
 t - a scroll of holy word {unknown}
Potions
 n - a potion of haste {unknown}
 r - a potion of brilliance {unknown}
 s - a potion of attraction {unknown}


   Skills:
 + Level 2.8 Fighting
 * Level 2.6 Axes
 + Level 3.1 Crossbows
 - Level 1.1 Throwing
 - Level 1.1 Stealth
 + Level 2.5 Spellcasting
 + Level 4.4 Transmutations
 + Level 2.4 Poison Magic


You had 9 spell levels left.
You knew the following spells:

 Your Spells              Type           Power      Damage    Failure   Level
a - Sting                 Tmut/Pois      40%        1d5       6%          1

Your spell library contained the following spells:

 Spells                   Type           Power      Damage    Failure   Level
 Ignite Poison            Fire/Tmut/Pois 7%         N/A       28%         3


Dungeon Overview and Level Annotations

Branches:
Dungeon (5/15)
 Temple: D:4-7

Altars:
Uskayaw


Innate Abilities, Weirdness & Mutations

You have large cloven feet.
When hurt, damage is shared between your health and your magic reserves.
You regenerate magic rapidly.


Message History

You hit the water moccasin but do no damage.
The water moccasin is lightly wounded.
You feel sick. The water moccasin barely misses you.
The water moccasin bites you.
* * * LOW HITPOINT WARNING * * *
The water moccasin misses you.
You hit the water moccasin.
The water moccasin is moderately wounded.
You feel sick.
The water moccasin bites you but does no damage.
The water moccasin misses you.
You slash the water moccasin!
The water moccasin is severely wounded.
You feel sick.
You are no longer poisoned.
The water moccasin bites you.
* * * LOW HITPOINT WARNING * * *
The water moccasin bites you but does no damage. x2
You feel better.
The water moccasin bites you but does no damage.
You closely miss the water moccasin.
The water moccasin is severely wounded.
The water moccasin bites you.
* * * LOW HITPOINT WARNING * * *
The water moccasin bites you.
* * * LOW HITPOINT WARNING * * *
You are lethally poisoned!
The water moccasin poisons you! The water moccasin bites you.
* * * LOW HITPOINT WARNING * * *
You closely miss the water moccasin.
The water moccasin is severely wounded.
* * * LOW HITPOINT WARNING * * *
You feel very sick. The water moccasin bites you.
* * * LOW HITPOINT WARNING * * *
You are more poisoned.
The water moccasin poisons you! The water moccasin bites you.
It was a potion of invisibility.
You fade into invisibility!
You die...

#.# #.# #.# #.# #.#
#.# #.#
#######.###########
#.........S@.>./...
#.#####.###########
#....# ...(...(.
####.....(..
#.######## ##


You could see a water moccasin.

Vanquished Creatures
  Sigmund (D:4)
  A hound (D:5)
  A gnoll shaman (D:4)
  2 iguanas
  An orc wizard (D:4)
  A scorpion zombie (D:5)
  4 hound skeletons
  4 gnolls (D:4)
  2 adders
  A worm (D:2)
  A dart slug (D:1)
  2 orcs (D:4)
  3 ball pythons
  5 endoplasms
  2 giant cockroaches (D:1)
  5 goblins
  A hobgoblin (D:2)
  2 jackals (D:2)
  7 kobolds
  A quokka (D:1)
  2 frilled lizards (D:1)
  4 rats
53 creatures vanquished.

Notes
Turn   | Place    | Note
-------+----------+-------------------------------------------
     0 | D:1      | crazypyro the Demonspawn Wanderer began the quest for the
                  | Orb.
     0 | D:1      | crazypyro set off with the following items: a +2 hand
                  | crossbow, 20 bolts, a +0 helmet, a +0 robe; and the
                  | following spell memorised: Sting; and the following spells
                  | available to memorise: Ignite Poison
     0 | D:1      | Reached XP level 1. HP: 15/15 MP: 2/2
    96 | D:1      | Gained mutation: You regenerate magic rapidly. [demonic
                  | ancestry]
    96 | D:1      | Reached XP level 2. HP: 21/21 MP: 3/3
   575 | D:1      | Found a faded altar of an unknown god.
  1050 | D:2      | Found a hide-covered altar of Uskayaw.
  1131 | D:2      | Reached XP level 3. HP: 26/26 MP: 5/5
  1354 | D:2      | Reached skill level 1 in Poison Magic
  1422 | D:2      | You fall into a shaft and drop 2 floors!
  1546 | D:4      | Gained mutation: When hurt, damage is shared between your
                  | health and your magic reserves. [demonic ancestry]
  1546 | D:4      | Reached XP level 4. HP: 31/33 MP: 6/6
  1951 | D:4      | Reached skill level 4 in Transmutations
  2132 | D:4      | Reached skill level 1 in Axes
  2193 | D:4      | Noticed Sigmund
  2203 | D:4      | Killed Sigmund
  2204 | D:4      | Reached XP level 5. HP: 13/39 MP: 2/8
  2204 | D:4      | Gained mutation: You have large cloven feet. [demonic
                  | ancestry]
  2204 | D:4      | Reached XP level 6. HP: 16/46 MP: 2/9
  2475 | D:5      | Entered Level 5 of the Dungeon
  3762 | D:5      | Noticed a water moccasin
  3774 | D:5      | HP: 2/46 [poisoned by a water moccasin]
  3775 | D:5      | Succumbed to a water moccasin's poison

Illustrated notes

Levels and vault maps discovered:
D:1:      dpeg_arrival_concentric_ovals, layout_basic,
          shapermc_ecumenical_altar_flowoftime, palyth_stone_intersect
D:2:      layout_loops_ring, basic_altar
D:4:      layout_loops_ring, uniq_sigmund
D:5:      layout_basic

Skill      XL: |  1  2  3  4  5  6 |
---------------+-------------------+-----
Crossbows      | 2 3 |  3.1
Poison Magic   | 1 2 |  2.4
Fighting       | 2 |  2.8
Transmutations | 4 |  4.4
Axes           | 2 |  2.6
Spellcasting   | 2 |  2.5
Throwing       | |  1.1
Stealth        | |  1.1

Action                   |  1- 3 |  4- 6 || total
-------------------------+-------+-------++-------
Melee: Executioner's axe |    15 |    59 ||    74
 Fire: Hand crossbow     |    62 |    25 ||    87
  Use: Potion            |       |     3 ||     3
 Stab: Sleeping          |       |     2 ||     2
Armor: Robe              |    14 |    23 ||    37
Dodge: Dodged            |    18 |    34 ||    52
